 Dungeon Crawl Stone Soup version 0.22.0-38-g04b72b8 (webtiles) character file.

385 leisz the Skirmisher (level 6, 0/49 HPs)
             Began as a Demonspawn Abyssal Knight on Aug 26, 2018.
             Was a Follower of Lugonu.
             Slain by an ice beast (13 damage)
             ... on level 6 of the Dungeon.
             The game lasted 00:18:15 (5602 turns).

leisz the Skirmisher (Demonspawn Abyssal Knight)    Turns: 5602, Time: 00:18:16

Health: 0/49       AC:  6    Str: 14    XL:     6   Next: 48%
Magic:  8/8        EV: 12    Int: 14    God:    Lugonu [*.....]
Gold:   242        SH:  0    Dex: 15    Spells: 5/5 levels left

rFire    . . .     SeeInvis .   a - +2 falchion
rCold    . . .     Gourm    .   (no shield)
rNeg     . . .     Faith    .   j - +0 ring mail
rPois    .         Spirit   .   (helmet restricted)
rElec    .         Reflect  .   (no cloak)
rCorr    .         Harm     .   h - +0 pair of gloves
MR       .....                  (no boots)
Stlth    +.........             e - amulet of inaccuracy (curse)
HPRegen  0.16/turn              s - +3 ring of dexterity
MPRegen  0.11/turn              w - -2 ring of slaying (curse)

@: no status effects
A: antennae 1, powered by death 1
a: Depart the Abyss, Renounce Religion


You were on level 6 of the Dungeon.
You worshipped Lugonu.
Lugonu was aware of your devotion.
You were not hungry.

You visited 1 branch of the dungeon, and saw 6 of its levels.
You visited the Abyss 1 time.

You collected 242 gold pieces.

Inventory:

Hand Weapons
 a - a +2 falchion (weapon)
 f - a +0 hunting sling
 z - a +1 short sword of draining
Missiles
 g - 113 stones (quivered)
 i - 3 throwing nets
Armour
 h - a +0 pair of gloves (worn)
 j - a +0 ring mail (worn)
 n - a +0 chain mail
Jewellery
 e - a cursed amulet of inaccuracy (around neck)
 q - a +6 amulet of reflection {unknown}
 s - a +3 ring of dexterity (left hand)
 w - a cursed -2 ring of slaying (right hand)
 A - an uncursed amulet of magic regeneration {unknown}
Wands
 o - a wand of polymorph (11)
 C - a wand of flame (15)
Scrolls
 m - 5 scrolls of magic mapping
 u - a scroll of teleportation
 y - a scroll of fear
 B - a scroll of identify
Potions
 b - 3 potions of curing
 d - 2 potions of degeneration
 l - 3 potions of magic
 p - a potion of flight
 r - a potion of lignification
 t - 2 potions of invisibility
 v - a potion of heal wounds
 x - a potion of agility
Comestibles
 c - 4 rations
 k - a chunk of flesh


   Skills:
 + Level 4.4 Fighting
 + Level 3.3 Long Blades
 + Level 3.4 Armour
 + Level 2.9 Dodging
 - Level 3.0 Invocations


You had 5 spell levels left.
You didn't know any spells.
Your spell library was empty.

Dungeon Overview and Level Annotations

Branches:
Dungeon (6/15)             Temple (0/1) D:5

Altars:
Cheibriados
Nemelex Xobeh
Qazlal
Ru
Uskayaw
Yredelemnul

Shops:
D:5 =

Annotations:
D:4 Grinder


Innate Abilities, Weirdness & Mutations

You have a pair of small antennae on your head.
You regenerate a little health from kills.


Message History

The ice beast is severely wounded.
The ice beast misses you.
You barely miss the ice beast.
The ice beast is severely wounded.
The ice beast barely misses you.
You completely miss the ice beast.
The ice beast is severely wounded.
The ice beast hits you but does no damage.
You miss the ice beast.
The ice beast is severely wounded.
The ice beast hits you but does no damage.
You barely miss the ice beast.
The ice beast is severely wounded.
The ice beast hits you but does no damage.
You miss the ice beast.
The ice beast is severely wounded.
The ice beast hits you.
* * * LOW HITPOINT WARNING * * *
The ice beast freezes you!
You die...

≈≈≈≈≈≈.
≈≈≈≈≈.. ≈≈.;.
#.# ...#####.#
#.......# ≈
#.# #.# ...
#.# #.#
#..###Y####.#
#..>@...##.#
#####.#.##.#.#
#.#.##.#.#
#.#....#.#
#...#..#.#
#...#....#
#.####...#
#...#.÷..#
##.#.#..#.#


You could see an ice beast.

Vanquished Creatures
  A phantom (D:4)
  Ijyb (D:3)
  2 orc wizards (D:5)
  Natasha (thrice) (D:4)
  Terence (D:3)
  4 adders
  A shadow imp (D:5)
  2 worms
  4 dart slugs
  2 leopard geckos
  6 orcs
  2 giant cockroaches
  6 goblins
  3 hobgoblins
  4 jackals (D:1)
  4 bats
  4 frilled lizards
  2 gnoll zombies (D:3)
  5 kobolds
  5 rats
62 creatures vanquished.

Notes
Turn   | Place    | Note
-------+----------+-------------------------------------------
     0 | Abyss:1  | leisz the Demonspawn Abyssal Knight began the quest for the Orb.
     0 | Abyss:1  | Reached XP level 1. HP: 18/18 MP: 2/2
    51 | D:1      | Escaped the Abyss
   193 | D:1      | Reached skill level 1 in Dodging
   462 | D:1      | Gained mutation: You regenerate a little health from kills. [demonic ancestry]
   462 | D:1      | Reached XP level 2. HP: 24/24 MP: 4/4
  1325 | D:2      | Reached * piety under Lugonu
  1512 | D:1      | You fall through a shaft!
  2005 | D:2      | Reached XP level 3. HP: 28/29 MP: 5/5
  2468 | D:3      | Noticed Terence
  2481 | D:3      | Killed Terence
  2751 | D:3      | Reached XP level 4. HP: 23/35 MP: 6/6
  2855 | D:3      | Found a sparkling altar of Nemelex Xobeh.
  3392 | D:3      | Found a basalt altar of Yredelemnul.
  3476 | D:3      | Found a snail-covered altar of Cheibriados.
  3665 | D:3      | Noticed Ijyb
  3695 | D:3      | Killed Ijyb
  3726 | D:3      | Found a sacrificial altar of Ru.
  3776 | D:4      | Found a hide-covered altar of Uskayaw.
  3813 | D:4      | Noticed a phantom
  3841 | D:4      | Noticed Natasha
  3861 | D:4      | Killed Natasha
  3861 | D:4      | Gained mutation: You have a pair of small antennae on your head. [demonic ancestry]
  3861 | D:4      | Reached XP level 5. HP: 25/42 MP: 7/7
  3870 | D:4      | Noticed Natasha
  3887 | D:4      | Killed Natasha
  3898 | D:4      | Killed a phantom
  3898 | D:4      | Reached skill level 4 in Fighting
  4105 | D:4      | Noticed Natasha
  4115 | D:4      | Killed Natasha
  4115 | D:4      | Reached XP level 6. HP: 44/48 MP: 8/8
  4226 | D:4      | Noticed Grinder
  4226 | D:4      | Paralysed by Grinder for 7 turns
  4234 | D:4      | Paralysed by Grinder for 5 turns
  4248 | D:4      | Paralysed by Grinder for 5 turns
  4257 | D:4      | Found a stormy altar of Qazlal.
  4336 | D:4      | Paralysed by Grinder for 4 turns
  4343 | D:4      | Paralysed by Grinder for 2 turns
  4458 | D:5      | Entered Level 5 of the Dungeon
  4677 | D:5      | Found a staircase to the Ecumenical Temple.
  4919 | D:5      | Found Pixzy's Jewellery Shop.
  5554 | D:6      | Noticed an ice beast
  5602 | D:6      | Slain by an ice beast

Skill      XL: |  1  2  3  4  5 |
---------------+----------------+-----
Dodging        | 1 2 |  2.9
Long Blades    | 2 3 |  3.3
Armour         | 2 3 |  3.4
Invocations    | 3 |  3.0
Fighting       | 4 |  4.4

Action                   |  1- 3 |  4- 6 || total
-------------------------+-------+-------++-------
Melee: Falchion          |   119 |   236 ||   355
       Unarmed           |       |     4 ||     4
Throw: Stone             |    37 |    30 ||    67
Invok: Depart the Abyss  |     1 |       ||     1
  Use: Scroll            |     6 |    10 ||    16
       Potion            |     1 |     5 ||     6
 Stab: Sleeping          |     1 |       ||     1
  Eat: Chunk             |     2 |    10 ||    12
       Ration            |     1 |       ||     1
Armor: Leather armour    |    14 |       ||    14
       Ring mail         |    19 |    71 ||    90
       Skin              |       |    20 ||    20
Dodge: Dodged            |    59 |   118 ||   177
       Rpst.: Falchion   |    23 |    39 ||    62
